[ AOE2 MATCH · #493817167 ]
UnrankedMongols vs Spanish
Player's team · WIN
Rival team · LOSS
[ REPLAY ANALYSIS · EXTRACTED FROM THE RECORDED GAME ]
Feudal
8:01
Castle
—
Imperial
—
| APM avg | 60.5 |
| APM peak | 95 |
| eAPM avg | 20.1 |
| Villagers / military | 24 / 3 |
Focus
⚔️ 31.6% · 🌾 68.4%
Scout Cavalry ×3
Feudal
9:31
Castle
—
Imperial
—
| APM avg | 47.4 |
| APM peak | 97 |
| eAPM avg | 19.3 |
| Villagers / military | 22 / 1 |
Focus
⚔️ 43.6% · 🌾 56.4%
Spearman ×1
Match map
Initial resources + every placement click. Lines = walls · curves = elevation contours. ◆ gold · ⬟ stone · ● berries · ✦ relic · ◌ wall gap
Your base
PigeonOnABrick's base
Smoothed initial terrain · ◌ = detected wall gap · hover for details
Inputs per minute
— 明太宗Judy - - PigeonOnABrick
Build order — 明太宗Judy
50 actions detected in the replay
| 0:01 | Queue | Villager (Male) |
| 0:01 | Queue | Villager (Male) |
| 0:02 | Build | House |
| 0:03 | Build | House |
| 0:29 | Queue | Villager (Male) |
| 0:30 | Queue | Villager (Male) |
| 1:28 | Queue | Villager (Male) |
| 1:31 | Queue | Villager (Male) |
| 2:00 | Queue | Villager (Male) |
| 2:10 | Queue | Villager (Male) |
| 2:10 | Queue | Villager (Male) |
| 2:51 | Queue | Villager (Male) |
| 3:02 | Build | Mill |
| 3:13 | Queue | Villager (Male) |
| 3:42 | Queue | Villager (Male) |
| 3:49 | Build | House |
| 3:55 | Queue | Villager (Male) |
| 4:24 | Build | Lumber Camp |
| 4:27 | Queue | Villager (Male) |
| 4:33 | Queue | Villager (Male) |
| 5:07 | Queue | Villager (Male) |
| 5:44 | Research | Feudal Age |
| 5:45 | Research | Feudal Age |
| 6:27 | Build | House |
| 6:28 | Build | Palisade Wall |
| 7:15 | Build | Barracks |
| 7:24 | Build | Palisade Wall |
| 7:35 | Queue | Villager (Male) |
| 8:01 | Age | Feudal Age |
| 8:13 | Queue | Villager (Male) |
| 8:20 | Build | Stable |
| 8:23 | Build | Stable |
| 8:31 | Queue | Villager (Male) |
| 8:43 | Research | Double-Bit Axe |
| 8:44 | Research | Double-Bit Axe |
| 8:44 | Research | Horse Collar |
| 8:44 | Research | Horse Collar |
| 8:46 | Queue | Villager (Male) |
| 9:04 | Queue | Scout Cavalry |
| 9:14 | Queue | Scout Cavalry |
| 9:18 | Build | Mill |
| 9:30 | Build | House |
| 9:34 | Queue | Villager (Male) |
| 9:52 | Queue | Villager (Male) |
| 10:11 | Build | House |
| 10:18 | Queue | Scout Cavalry |
| 10:35 | Queue | Villager (Male) |
| 10:36 | Build | Farm |
| 10:39 | Build | Farm |
| 10:59 | Queue | Villager (Male) |
Build order — PigeonOnABrick
42 actions detected in the replay
| 0:01 | Queue | Villager (Male) |
| 0:01 | Queue | Villager (Male) |
| 0:02 | Build | House |
| 0:03 | Build | House |
| 0:10 | Queue | Villager (Male) |
| 0:10 | Queue | Villager (Male) |
| 0:10 | Queue | Villager (Male) |
| 1:27 | Queue | Villager (Male) |
| 1:27 | Queue | Villager (Male) |
| 1:57 | Build | Lumber Camp |
| 2:04 | Queue | Villager (Male) |
| 2:19 | Queue | Villager (Male) |
| 2:45 | Queue | Villager (Male) |
| 3:12 | Queue | Villager (Male) |
| 3:42 | Queue | Villager (Male) |
| 3:42 | Queue | Villager (Male) |
| 4:02 | Build | House |
| 4:08 | Queue | Villager (Male) |
| 4:31 | Build | Mill |
| 4:33 | Queue | Villager (Male) |
| 4:50 | Queue | Villager (Male) |
| 5:22 | Queue | Villager (Male) |
| 5:22 | Queue | Villager (Male) |
| 5:23 | Queue | Villager (Male) |
| 5:23 | Queue | Villager (Male) |
| 6:16 | Research | Loom |
| 7:21 | Research | Feudal Age |
| 8:45 | Build | House |
| 8:46 | Build | Palisade Wall |
| 8:46 | Build | Palisade Wall |
| 8:49 | Queue | Villager (Male) |
| 9:31 | Age | Feudal Age |
| 9:34 | Build | Barracks |
| 9:44 | Research | Double-Bit Axe |
| 9:47 | Research | Horse Collar |
| 9:50 | Build | Farm |
| 9:54 | Queue | Villager (Male) |
| 10:13 | Build | Stable |
| 10:16 | Build | Farm |
| 10:19 | Queue | Spearman |
| 10:31 | Build | House |
| 10:36 | Build | Palisade Gate |
Match timeline
| 6:28 | 明太宗Judy · wall_segment Palisade Wall x2 |
| 7:15 | 明太宗Judy · first_building Barracks |
| 7:24 | 明太宗Judy · wall_segment Palisade Wall x1 |
| 8:01 | 明太宗Judy · age_up feudal |
| 8:20 | 明太宗Judy · first_building Stable |
| 8:46 | PigeonOnABrick · wall_segment Palisade Wall x1 |
| 8:46 | PigeonOnABrick · wall_segment Palisade Wall x1 |
| 9:31 | PigeonOnABrick · age_up feudal |
| 9:34 | PigeonOnABrick · first_building Barracks |
| 10:13 | PigeonOnABrick · first_building Stable |
| 11:12 | PigeonOnABrick · resign |
[ AI ANALYSIS · 1 CREDIT ]
What really happened in this match?
Wolo.gg analyzes every decision: build order, eco, micro, common mistakes by bracket. Personalized analysis on WhatsApp or Discord in 30 seconds.
Civ guide
Mongols
Perfil
Jugador #1501740